 Dungeon Crawl Stone Soup version 0.30-a0-893-g20749f2 (webtiles) character file.

Game seed: 18349663826340849227

107 Illumine the Trooper (level 5, 0/42 HPs)
             Began as a Formicid Fighter on Mar 17, 2023.
             Slain by a gnoll bouda
             ... wielding a +0 club
              (4 damage)
             ... on level 3 of the Dungeon.
             The game lasted 00:02:49 (1826 turns).

Illumine the Trooper (Formicid Fighter)             Turns: 1826, Time: 00:02:50

Health: 0/42       AC:  8    Str: 23    XL:     5   Next: 11%
Magic:  5/5        EV:  9    Int:  7    God:
Gold:   78         SH:  5    Dex: 13    Spells: 4/4 levels left

rFire   . . .      SeeInvis +    a - +0 trident
rCold   . . .      Faith    .    c - +0 buckler
rNeg    . . .      Spirit   .    b - +0 scale mail
rPois   +          Reflect  .    (helmet unavailable)
rElec   .          Rampage  .    o - +0 cloak
rCorr   .                        (no gloves)
Will    .....                    (no boots) Stlth
                                 (no amulet)
HPRegen 0.27/turn                k - ring of poison resistance
MPRegen 0.09/turn                (no ring)

@: no status effects
A: permanent stasis, dig shafts and tunnels, antennae 3, four strong arms
a: Dig, Shaft Self


You were on level 3 of the Dungeon.
You visited 1 branch of the dungeon, and saw 4 of its levels.

You collected 78 gold pieces.

Inventory:

Hand Weapons
 a - a +0 trident (weapon)
Missiles
 w - 6 boomerangs
Armour
 b - a +0 scale mail (worn)
 c - a +0 buckler (worn)
 o - a +0 cloak (worn)
Jewellery
 e - a ring of ice
 k - a ring of poison resistance (left hand)
 u - a ring of wizardry
Scrolls
 l - a scroll of noise {unknown}
 p - a scroll of immolation {unknown}
 q - a scroll of magic mapping {unknown}
 t - a scroll of enchant weapon {unknown}
 v - 2 scrolls of identify {unknown}
 x - a scroll of poison {unknown}
Potions
 f - a potion of mutation {unknown}
 g - a potion of flight {unknown}
 h - a potion of lignification {unknown}
 i - a potion of brilliance
 m - a potion of cancellation
 n - a potion of curing {unknown}
 r - a potion of haste {unknown}
 s - 2 potions of heal wounds {unknown}


   Skills:
 + Level 4.1 Fighting
 * Level 3.7 Polearms
 + Level 4.0 Armour
 - Level 4.0 Shields


You had 4 spell levels left.
You didn't know any spells.
Your spell library contained the following spells:

 Spells                   Type           Power      Damage    Failure   Level
 Freeze                   Ice            0%         1d3       80%         1
 Frozen Ramparts          Ice            0%         1d1       99%         3
 Hailstorm                Conj/Ice       0%         3d3       99%         3


Dungeon Overview and Level Annotations

Branches:
Dungeon (4/15)
 Temple: D:4-7

Altars:
Fedhas
Uskayaw
Xom
The Shining One

Annotations:
D:2 Sigmund


Innate Abilities, Weirdness & Mutations

You cannot be hasted, slowed, berserked, paralysed or teleported.
You can dig through walls and to a lower floor.
You have a pair of large antennae on your head. (SInv)
Your four strong arms can wield two-handed weapons with a shield.


Message History

You hit the gnoll bouda but do no damage.
The gnoll bouda is heavily wounded.
The gnoll bouda closely misses you.
Okay, then.
You don't know any spells.
Okay, then.
Okay, then.
You hit the gnoll bouda but do no damage.
The gnoll bouda is heavily wounded.
The gnoll bouda hits you with a +0 club.
* * * LOW HITPOINT WARNING * * *
Okay, then.
You barely miss the gnoll bouda.
The gnoll bouda is heavily wounded.
The gnoll bouda completely misses you. The gnoll bouda barely misses you.
You barely miss the gnoll bouda.
The gnoll bouda is heavily wounded.
The gnoll bouda prays to its god.
The gnoll bouda is healed somewhat.
You closely miss the gnoll bouda.
The gnoll bouda is moderately wounded.
The gnoll bouda gazes fiercely through you!
You feel as though you will be weak longer.
The gnoll bouda closely misses you.
You closely miss the gnoll bouda.
The gnoll bouda is moderately wounded.
The gnoll bouda hits you with a +0 club.
* * * LOW HITPOINT WARNING * * *
As you read the scroll labelled POPPIZ ZIONI, it crumbles to dust.
Your stasis prevents you from teleporting.
It was a scroll of blinking.
The gnoll bouda closely misses you.
As you read the scroll labelled FAOREL DASO, it crumbles to dust.
You feel a strange sense of stasis.
It was a scroll of teleportation.
The gnoll bouda barely misses you.
It was a potion of cancellation.
Your magical effects are unravelling.
You feel magically purged.
Your attacks no longer feel as feeble.
The gnoll bouda hits you with a +0 club.
You die...

....# #..# #.##.#
###.# #..# #.##.#
#.# #..# #.##.#
#.# #..# ###.##.#
#.## #..#
#......# #..#
#..###......#
##.#
#...........# #.#
##.###.....## #.#
#.# #[.g@.#
####.## #.#
###.### ..)#..#
#.# #.# ......#
#.# #.#
##.._.###.# #.#
#.)..#...# #.#
#..†.#.### #.#
##...##.# #.#
##...##.#######.#


You could see a gnoll bouda.

Vanquished Creatures
  An adder (D:2)
  4 gnolls
  A dart slug (D:3)
  5 ball pythons
  8 endoplasms
  2 giant cockroaches
  5 hobgoblins
  2 jackals (D:1)
  5 quokkas
  8 bats
  4 frilled lizards
  A goblin (D:1)
  3 kobolds (D:1)
  6 rats
55 creatures vanquished.

Vanquished Creatures (others)
  3 fungi (D:3)
3 creatures vanquished.

Grand Total: 58 creatures vanquished

Notes
Turn   | Place    | Note
-------+----------+-------------------------------------------
     0 | D:1      | Illumine the Formicid Fighter began the quest for the Orb.
     0 | D:1      | Reached XP level 1. HP: 18/18 MP: 1/1
   144 | D:1      | Reached XP level 2. HP: 24/24 MP: 2/2
   215 | D:1      | Reached XP level 3. HP: 20/29 MP: 3/3
   495 | D:1      | Upgraded the game from 0.30-a0-887-g5d03d06 to
                  | 0.30-a0-893-g20749f2
   740 | D:2      | Noticed Sigmund
   813 | D:2      | Reached XP level 4. HP: 33/37 MP: 4/4
  1078 | D:3      | Found a shimmering altar of Xom.
  1235 | D:3      | Found a hide-covered altar of Uskayaw.
  1235 | D:3      | Found a glowing golden altar of the Shining One.
  1519 | D:3      | Found a faded altar of an unknown god.
  1767 | D:4      | Found a blossoming altar of Fedhas.
  1789 | D:4      | Reached XP level 5. HP: 42/42 MP: 5/5
  1826 | D:3      | Slain by a gnoll bouda

Illustrated notes

Levels and vault maps discovered:
D:1:      shiori_arrival_elements, layout_rooms, minmay_distorted
D:2:      layout_basic, kennysheep_generic_room_16, uniq_sigmund
D:3:      layout_loops_ring, nicolae_overflow_two_pavilions, xom_butterflies,
          shapermc_ecumenical_altar_mp_ritualfount, kennysheep_nondescript
D:4:      layout_basic, vehumet_altar_wand_db, kennysheep_mini,
          uniq_crazy_yiuf_cottage

Skill      XL: |  1  2  3  4 |
---------------+-------------+-----
Polearms       | 3 |  3.7
Fighting       | 4 |  4.1
Armour         | 4 |  4.0
Shields        | |  4.0

Action                     |  1- 3 |  4- 6 || total
---------------------------+-------+-------++-------
  Melee: Trident           |   101 |    84 ||   185
    Use: Scroll            |       |     3 ||     3
         Potion            |       |     2 ||     2
 Armour: Scale mail        |    56 |    22 ||    78
  Dodge: Dodged            |    51 |    37 ||    88
  Block: Buckler           |    27 |     6 ||    33

Table legend: (Time is in decaauts)
 A = Elapsed time spent in this place.
 B = Non-inter-level travel time spent in this place.
 C = Inter-level travel time spent in this place.
 D = Time resting spent in this place.
 E = Time spent auto-exploring this place.
 F = Levels seen in this place.
 G = Mean time per level.
                   A        B        C        D        E       F      G
               +--------+--------+--------+--------+--------+-----+--------+
         Total |   1859 |   1788 |     71 |    120 |   1182 |   4 |  464.8 |
       Dungeon |   1859 |   1788 |     71 |    120 |   1182 |   4 |  464.8 |
               +--------+--------+--------+--------+--------+-----+--------+

Top non-repeatable levels by time:
     D:3: 861 daAuts
     D:1: 766 daAuts
     D:2: 150 daAuts
     D:4: 81 daAuts
